 Dungeon Crawl Stone Soup version 0.22-a0-389-g8519d86 (webtiles) character file.

398 Kairos the Chopper (level 6, -8/57 HPs)
             Began as a Deep Dwarf Fighter on Apr 30, 2018.
             Mangled by an ogre
             ... wielding a +0 giant club
              (9 damage)
             ... on level 4 of the Dungeon.
             The game lasted 00:04:29 (2770 turns).

Kairos the Chopper (Deep Dwarf Fighter)             Turns: 2770, Time: 00:04:30

Health: -8/57      AC:  7    Str: 20 (21) XL:     6   Next: 53%
Magic:  6/15       EV: 13    Int:  6 (8)  God:
Gold:   72         SH: 10    Dex: 16 (18) Spells: 5/5 levels left

rFire    . . .     SeeInvis .   l - +0 hand axe (drain)
rCold    . . .     Gourm    .   c - +0 shield
rNeg     . . .     Faith    .   b - +0 scale mail
rPois    .         Spirit   .   (no helmet)
rElec    .         Reflect  .   (no cloak)
rCorr    .         Harm     .   (no gloves)
MR       .....                  (no boots)
Stlth    +.........             (no amulet)
HPRegen  0.00/turn              n - ring of magical power
MPRegen  0.14/turn              (no ring)

@: agile, flying, non-regenerating
A: damage resistance, heal wounds, sense surroundings 1, no regeneration
a: Heal Wounds


You were on level 4 of the Dungeon.
You were not hungry.

You visited 1 branch of the dungeon, and saw 4 of its levels.

You collected 72 gold pieces.

Inventory:

Hand Weapons
 a - a +0 war axe
 l - a +0 hand axe of draining (weapon)
Armour
 b - a +0 scale mail (worn)
 c - a +0 shield (worn)
Magical Staves
 o - an uncursed staff of wizardry {unknown}
Jewellery
 n - a ring of magical power (left hand)
Wands
 u - a wand of flame (22)
Scrolls
 e - 2 scrolls of amnesia {unknown}
 g - a scroll of magic mapping {unknown}
 h - 6 scrolls of identify {unknown}
 q - a scroll of noise {unknown}
 r - a scroll of enchant weapon {unknown}
Potions
 d - 2 potions of might
 i - a potion of magic
 j - a potion of flight
 s - a potion of ambrosia {unknown}
Comestibles
 f - 10 rations
 t - 3 chunks of flesh


   Skills:
 + Level 3.7 Fighting
 + Level 5.0 Axes
 + Level 4.7 Armour
 + Level 0.7 Dodging
 + Level 0.2 Stealth
 + Level 4.7 Shields


You had 5 spell levels left.
You didn't know any spells.

Dungeon Overview and Level Annotations

Branches:
Dungeon (4/15)
 Temple: D:4-7

Altars:
Dithmenos
Nemelex Xobeh
Okawaru
Uskayaw
Wu Jian
Xom

Shops:
D:4 (


Innate Abilities, Weirdness & Mutations

You are resistant to damage.
You can heal yourself by infusing magical energy.
You passively map a small area around you.
You do not regenerate.


Message History

You feel weakened.
You feel dopey.
You feel clumsy.
It was a potion of agility.
You feel agile all of a sudden.
It was a potion of curing.
You feel better.
Some of the chunks of flesh in your inventory have rotted away.
An ogre comes into view. It is wielding a giant club.
The ogre shouts!
You feel your magic capacity increase.
n - a ring of magical power (left hand)
You hit the ogre. You drain the ogre!
The ogre is lightly wounded.
You block the ogre's attack.
You barely miss the ogre.
The ogre is lightly wounded.
The ogre hits you with a giant club!
* * * LOW HITPOINT WARNING * * *
You hit the ogre. You drain the ogre!
The ogre is moderately wounded.
The ogre hits you with a giant club!
You die...

,
............#
*#.........#
#.#.#.#####
#.#.# , *
#...# * *
#.####### *
*, #.......#
, * #O#####.#
, #.@...#, ,*
........##.#
* ..#####.. ,
,, , , , , ,*
#### * * * ,
* ,, , * * ,
, * *,* * , ,
*


You could see an ogre.

Vanquished Creatures
  Sigmund (D:3)
  An orc wizard (D:4)
  Ijyb (D:4)
  4 gnolls (D:4)
  4 adders
  2 oozes
  A worm (D:3)
  3 dart slugs
  3 leopard geckos
  8 orcs
  A bat (D:1)
  7 giant cockroaches
  6 goblins
  7 hobgoblins
  6 jackals
  8 kobolds
  3 quokkas (D:2)
  2 ball pythons
  4 frilled lizards
  13 rats
85 creatures vanquished.

Notes
Turn   | Place    | Note
-------+----------+-------------------------------------------
     0 | D:1      | Kairos the Deep Dwarf Fighter began the quest for the Orb.
     0 | D:1      | Reached XP level 1. HP: 20/20 MP: 1/1
   111 | D:1      | Reached XP level 2. HP: 24/27 MP: 2/2
   549 | D:1      | Reached XP level 3. HP: 20/34 MP: 3/3
   815 | D:2      | Found a shadowy altar of Dithmenos.
   854 | D:2      | Reached skill level 3 in Axes
  1113 | D:2      | Reached XP level 4. HP: 41/42 MP: 4/4
  1241 | D:2      | Found an ornate altar of the Wu Jian Council.
  1364 | D:2      | Found a sparkling altar of Nemelex Xobeh.
  1565 | D:2      | Found a shimmering altar of Xom.
  1566 | D:2      | Found an iron altar of Okawaru.
  1743 | D:3      | Found a hide-covered altar of Uskayaw.
  1886 | D:3      | Noticed Sigmund
  1905 | D:3      | Killed Sigmund
  1905 | D:3      | Reached skill level 4 in Axes
  1905 | D:3      | Reached XP level 5. HP: 14/49 MP: 5/5
  1905 | D:3      | Reached XP level 6. HP: 17/56 MP: 6/6
  2385 | D:4      | Found Keoqef's Antique Weapon Boutique.
  2508 | D:4      | Reached skill level 5 in Axes
  2623 | D:4      | Noticed Ijyb
  2633 | D:4      | HP: 2/56 [Ijyb/wand of flame (24) (10)]
  2637 | D:4      | Killed Ijyb
  2769 | D:4      | HP: 1/57 [ogre/giant club (12)]
  2770 | D:4      | Mangled by an ogre

Vault maps used:
D:1:      shiori_arrival_maze, st_stairs_10, minmay_bisected
D:2:      minitemple, nicolae_overflow_crystal_walls,
          lemuel_coloured_pillars_altar, nemelex_spade_bored_becter
D:3:      old_standard_altar, first_ration, uniq_sigmund
D:4:      serial_shops, kennysheep_mini_moat, uniq_ijyb

Skill      XL: |  1  2  3  4  5  6 |
---------------+-------------------+-----
Fighting       | 3 |  3.7
Axes           | 3 4 5 |  5.0
Armour         | 4 |  4.7
Shields        | 4 |  4.7
Dodging        | |  0.7
Stealth        | |  0.2

Action                   |  1- 3 |  4- 6 || total
-------------------------+-------+-------++-------
Melee: War axe           |    98 |    33 ||   131
       Hand axe          |       |   116 ||   116
  Use: Potion            |     1 |     6 ||     7
  Eat: Chunk             |       |     6 ||     6
Armor: Scale mail        |    30 |    37 ||    67
Dodge: Dodged            |    37 |    32 ||    69
Block: Shield            |    49 |    86 ||   135

Table legend:
 A = Spawn XP
 B = Non-spawn XP
 C = Spawn XP percentage of total XP
 D = Spawn monster count
 E = Non-spawn monster count
 F = Spawn count percentage of total count
 G = Total turns spent on level
                    A         B        C        D         E        F      G
               +---------+---------+-------+---------+---------+-------+---------
         Total |       0 |     569 |   0.0 |       0 |      85 |   0.0 |  2770
               +---------+---------+-------+---------+---------+-------+---------
           D:1 |       0 |      45 |   0.0 |       0 |      29 |   0.0 |   726
           D:2 |       0 |      84 |   0.0 |       0 |      26 |   0.0 |   884
           D:3 |       0 |     278 |   0.0 |       0 |      13 |   0.0 |   734
           D:4 |       0 |     162 |   0.0 |       0 |      17 |   0.0 |   426
               +---------+---------+-------+---------+---------+-------+---------
